 Dungeon Crawl Stone Soup version 0.30.0-29-ga12c61a403 (webtiles) character file.

Game seed: 14419059350242238852

77693 H0rd4k the Fencer (level 16, 0/128 HPs)
             Began as a Human Artificer on June 7, 2023.
             Was an Initiate of Gozag.
             Slain by a reaper
             ... wielding a +2 scythe of freezing
              (31 damage)
             ... in an ice cave.
             The game lasted 01:07:36 (26717 turns).

H0rd4k the Fencer (Human Artificer)                Turns: 26717, Time: 01:07:37

Health: 0/128      AC: 17    Str: 19    XL:     16   Next: 5%
Magic:  38/39      EV: 12    Int: 25    God:    Gozag
Gold:   1860       SH:  0    Dex: 21    Spells: 23/36 levels left

rFire   . . .        p - +9 great sword of the Eel {flame, +Blink Int+3}
rCold   . . .        (shield currently unavailable)
rNeg    + . .        i - +0 chain mail of the Sea {rPois Dex+6 Slay+5}
rPois   +            D - +2 helmet {SInv}
rElec   +            s - +1 cloak of Zyjovo {rElec rN+ Str+4 Int+3}
rCorr   +            w - +2 pair of gloves {infuse}
SInv    +            (no boots)
Will    ++...        G - amulet of regeneration
Stlth   +            r - ring of the Heron {Drain MP+9 Str+3 Slay+4}
HPRegen 1.21/turn    V - ring of Incredulity {Will+ rCorr}
MPRegen 0.26/turn

%: infuse magic (1 MP)
@: no status effects
A: no striking features
a: Renounce Religion, Evoke Blink, Potion Petition, Call Merchant, Bribe Branch


You were in an ice cave.
You worshipped Gozag.
Gozag was most pleased with you.
You visited 4 branches of the dungeon, and saw 20 of its levels.
You also visited: Ice Cave and Volcano.

You collected 7441 gold pieces.
You spent 1412 gold pieces at shops.
You paid 4169 gold pieces to Gozag.

Inventory:

Hand Weapons
 p - the +9 great sword of the Eel (weapon) {flame, +Blink Int+3}
   (You acquired it on level 8 of the Dungeon)

   Int:       It affects your intelligence (+3).
   +Blink:    It lets you blink.
 t - the +5 short sword of Avew {elec, rElec SInv}
   (You found it on level 2 of the Dungeon)

   rElec:     It insulates you from electricity.
   SInv:      It lets you see invisible.
 E - the +11 Singing Sword {sonic wave}
   (You found it on level 5 of the Dungeon)
 P - a +3 long sword of draining
Missiles
 b - 79 poisoned darts (quivered)
 A - 2 throwing nets
 W - 4 curare-tipped darts
Armour
 i - the +0 chain mail of the Sea (worn) {rPois Dex+6 Slay+5}
   (You found it on level 5 of the Lair of Beasts)

   Dex:       It affects your dexterity (+6).
   Slay:      It affects your accuracy & damage with ranged weapons and melee
   (+5).
   rPois:     It protects you from poison.
 s - the +1 cloak of Zyjovo (worn) {rElec rN+ Str+4 Int+3}
   (You found it on level 2 of the Dungeon)

   Str:       It affects your strength (+4).
   Int:       It affects your intelligence (+3).
   rElec:     It insulates you from electricity.
   rN:        It protects you from negative energy.
 w - a +2 pair of gloves of infusion (worn)
 D - a +2 helmet of see invisible (worn)
Jewellery
 h - a ring of protection from fire
 r - the ring of the Heron (left hand) {Drain MP+9 Str+3 Slay+4}
   (You bought it in a shop on level 9 of the Dungeon)

   [ring of slaying]

   Str:       It affects your strength (+3).
   Slay:      It affects your accuracy & damage with ranged weapons and melee
   (+4).
   MP:        It affects your magic capacity (+9).
   Drain:     It drains your maximum health when unequipped.
 y - a ring of fire
 B - a ring of ice
 G - an amulet of regeneration (around neck)
 S - a ring of flight
 V - the ring of Incredulity (right hand) {Will+ rCorr}
   (You found it on level 3 of the Lair of Beasts)

   [ring of willpower]

   rCorr:     It protects you from acid and corrosion.
   Will:      It increases your willpower.
Wands
 d - a wand of charming (17)
 e - a wand of roots (38)
 C - a wand of mindburst (20)
 J - a wand of flame (44)
Scrolls
 c - a scroll of enchant armour
 g - 2 scrolls of brand weapon
 k - 7 scrolls of teleportation
 m - 3 scrolls of silence
 n - 2 scrolls of blinking
 o - a scroll of magic mapping
 v - 10 scrolls of fear
 x - a scroll of identify
 F - 2 scrolls of fog
 M - 4 scrolls of amnesia
 U - a scroll of poison
Potions
 a - a potion of ambrosia {unknown}
 f - 6 potions of brilliance
 j - 3 potions of resistance
 l - 3 potions of mutation {unknown}
 q - 6 potions of curing
 u - 7 potions of magic
 z - a potion of invisibility {unknown}
 L - 2 potions of might
 N - a potion of haste {unknown}
 R - 2 potions of flight {unknown}
 T - 2 potions of heal wounds
 Z - a potion of degeneration {unknown}


   Skills:
 + Level 12.3 Fighting
 + Level 4.9(11.9) Short Blades
 + Level 16.6(16.9) Long Blades
 - Level 3.9 Maces & Flails
 + Level 4.2 Throwing
 - Level 2.1 Armour
 + Level 7.5 Dodging
 + Level 6.8 Stealth
 * Level 10.8 Spellcasting
 + Level 4.3 Hexes
 + Level 5.3 Evocations


You had 23 spell levels left.
You knew the following spells:

 Your Spells              Type           Power      Damage    Failure   Level
a - Inner Flame           Hex/Fire       24%        N/A       45%         3
b - Tukima's Dance        Hex            35%        N/A       21%         3
c - Enfeeble              Hex            17%        N/A       100%        7

Your spell library contained the following spells:

 Spells                   Type           Power      Damage    Failure   Level
 Freeze                   Ice            52%        1d6       38%         1
 Magic Dart               Conj           52%        1d5       38%         1
 Portal Projectile        Hex/Tloc       48%        N/A       45%         3
 Call Imp                 Summ           26%        N/A       52%         2
 Lesser Beckoning         Tloc           26%        N/A       52%         2
 Scorch                   Fire           26%        2d6       52%         2
 Sublimation of Blood     Necr           13%        N/A       52%         2
 Wereblood                Tmut           13%        N/A       52%         2
 Frozen Ramparts          Ice            26%        1d4       77%         3
 Gell's Gravitas          Tloc           13%        N/A       77%         3
 Hailstorm                Conj/Ice       13%        3d5       77%         3
 Mephitic Cloud           Conj/Pois/Air  13%        N/A       77%         3
 Teleport Other           Tloc           13%        N/A       77%         3
 Flame Wave               Conj/Fire      13%        2d6       99%         4
 Sticky Flame             Conj/Fire      13%        2d4       99%         4
 Yara's Violent Unravell  Hex/Tmut       12%        3d7       99%         5
 Blade Hands              Tmut           6%         N/A       100%        5
 Summon Cactus Giant      Summ           6%         N/A       100%        6
 Haunt                    Necr/Summ      6%         N/A       100%        7
 Ozocubu's Refrigeration  Ice            6%         4d8       100%        7
 Summon Hydra             Summ           6%         N/A       100%        7
 Infestation              Necr           6%         N/A       100%        8
 Polar Vortex             Ice            6%         N/A       100%        9
 Animate Dead             Necr           Unusable   N/A       N/A         4
 Simulacrum               Ice/Necr       Unusable   N/A       N/A         6

Dungeon Overview and Level Annotations

Branches:
Dungeon (12/15)            Temple (1/1) D:4            Lair (5/5) D:10
  Swamp (0/4) Lair:3        Snake (0/4) Lair:3        Slime (0/5) Lair:5
    Orc (2/2) D:9             Elf (0/3) Orc:2         IceCv (1/1)
Volcano (visited)

Altars:
Ashenzari
Cheibriados
Dithmenos
Elyvilon
Fedhas
Gozag
Hepliaklqana
Okawaru
Qazlal
Uskayaw
Vehumet
Wu Jian
Xom
Yredelemnul
Zin
The Shining One
Jiyva

Shops:
D:2 =   D:9 [[=([   D:10 (=[   Orc:2 ***(

Annotations:
D:3 1 exclusion
D:4 3 runed translucent doors, exclusion: 3 doors, mmBingo's ghost, amateur OpEn
D:6 2 transporters, exclusion: water moccasin, H0rd4k's ghost, novice HuAr
D:7 Maggie
D:9 exclusion: statue
Lair:2 exclusion: downstairs
Lair:3 3 runed translucent doors, exclusions: 3 doors and hydra, Kiti Anamang's ghost, journeyman GnFE
Lair:4 exclusion: 2 downstairs
Orc:1 1 exclusion


Message History

You see here a scroll of vulnerability.
Found 4 atropa-tipped darts.
There is a fountain of sparkling water here.
You open the door.
There is an open door here.
There is an open door here.
There is an open door here.
You open the door.
There is an open door here.
You open the door.
A reaper comes into view. It is wielding a +2 scythe of freezing.
Found five items.
Press: ? - help, v - describe, . - travel A fountain of sparkling water.
Unknown command.
The reaper whispers, "Time's up, H0rd4k!"
The reaper hits you with a +2 scythe of freezing!!!
The reaper freezes you.
There is an open door, spattered with blood here.
You slash the reaper! You burn the reaper.
The reaper is lightly wounded.
The reaper hits you with a +2 scythe of freezing!!
The reaper freezes you!
You slash the reaper! You burn the reaper.
The reaper is moderately wounded.
The reaper hits you with a +2 scythe of freezing!!
* * * LOW HITPOINT WARNING * * *
The reaper freezes you.
* * * LOW HITPOINT WARNING * * *
Unknown command.
Blink to where?
Press: ? - help, Dir - move target
As you read the scroll of blinking, it crumbles to dust.
Okay, then.
Unknown command.
As you read the scroll of summoning, it crumbles to dust.
Wisps of shadow whirl around you...
The reaper hits you from afar with a +2 scythe of freezing!!
You die...
Your body crumbles into a pile of gold.

### ####⌠####
#....255#
#.##'##@#
#[.)#Z# #.⌠?#Z#
## #|.[#.##
###8.#####.8####
...............#
+######'######+#
+.......+
#.8...8.#


You could see a reaper (ally target), a friendly dire elephant simulacrum
(summoned), a friendly two-headed ogre simulacrum (summoned) and 2 friendly
ufetubi.

Vanquished Creatures
  Josephine (D:11)
  A fire dragon (Lair:3)
  6 hydras
  2 boulder beetles
  21 death yaks
  4 two-headed ogres
  An orc high priest (Orc:2)
  A hell knight (Volcano)
  Nergalle (D:11)
  Sonja (D:11)
  A skyshark (Lair:3)
  An orc knight (Orc:1)
  A lindwurm (Lair:5)
  A deep elf pyromancer (D:12)
  A manticore (D:12)
  6 orc sorcerers
  2 cyclopes
  11 elephants
  2 ice statues (IceCv)
  4 black mambas
  18 cane toads
  11 komodo dragons
  A yaktaur (Volcano)
  6 rime drakes
  An ice devil (IceCv)
  6 trolls
  A polar bear (Lair:2)
  Grinder (D:3)
  2 hornets
  4 tyrant leeches (Lair:5)
  6 dream sheep (Lair:4)
  18 blink frogs
  5 slime creatures (D:12)
  2 vampires
  6 wraiths (D:11)
  2 fire bats (Lair:3)
  4 wyverns
  63 yaks
  7 basilisks
  10 vampire mosquitoes
  A warg (Orc:1)
  2 death yak simulacra (IceCv)
  6 two-headed ogre zombies (Orc:1)
  17 water moccasins
  23 orc warriors
  Duvessa (D:6)
  A sky beast (D:8)
  An ice beast (D:5)
  A black bear (Lair:3)
  13 wolves
  5 centaurs
  4 ogres
  6 kobold brigands
  16 bullfrogs
  6 scorpions
  2 gnoll sergeants
  8 wights
  11 killer bees (D:9)
  2 howler monkeys (D:7)
  3 electric eels
  5 jellies
  32 orc priests
  3 hounds
  Jessica (D:2)
  Ijyb (D:3)
  40 orc wizards
  5 iguanas
  A polar bear simulacrum (IceCv)
  2 spriggan simulacra (IceCv)
  9 adders
  11 gnolls
  15 white imps
  2 ufetubi
  2 worms
  2 dart slugs (D:2)
  60 orcs
  5 endoplasms (D:1)
  5 giant cockroaches
  6 goblins
  6 hobgoblins
  38 kobolds
  6 quokkas
  6 ball pythons
  12 bats
  5 frilled lizards
  10 rats
  A fire vortex (Lair:3)
663 creatures vanquished.

Vanquished Creatures (collateral kills)
  An ice beast (D:8)
  Dowan (D:6)
  2 orcs (D:5)
4 creatures vanquished.

Vanquished Creatures (others)
  2 orc priests
  An orc wizard (Orc:2)
3 creatures vanquished.

Grand Total: 670 creatures vanquished

Notes
Turn   | Place    | Note
-------+----------+-------------------------------------------
     0 | D:1      | H0rd4k the Human Artificer began the quest for the Orb.
     0 | D:1      | Reached XP level 1. HP: 15/15 MP: 1/1
    53 | D:1      | Found a faded altar of an unknown god.
   207 | D:1      | Reached XP level 2. HP: 11/21 MP: 2/2
   698 | D:1      | Reached XP level 3. HP: 17/26 MP: 3/3
  1153 | D:2      | Reached skill level 1 in Maces & Flails
  1331 | D:2      | Found Baehob Qinn's Jewellery Shoppe.
  1789 | D:2      | Reached XP level 4. HP: 15/32 MP: 4/4
  1981 | D:2      | Noticed Jessica
  1983 | D:2      | Killed Jessica
  2289 | D:2      | Identified the +1 cloak of Zyjovo {rElec rN+ Str+4 Int+3}
  2393 | D:2      | Identified the +5 short sword of Avew {elec, rElec SInv}
  2522 | D:3      | Reached XP level 5. HP: 37/37 MP: 5/5
  2618 | D:3      | Found a glowing golden altar of the Shining One.
  2909 | D:3      | Noticed Grinder
  2913 | D:3      | Killed Grinder
  2914 | D:3      | Reached skill level 1 in Short Blades
  2914 | D:3      | Reached XP level 6. HP: 44/44 MP: 6/6
  2914 | D:3      | Reached XP level 7. HP: 50/50 MP: 7/7
  2949 | D:3      | Noticed Ijyb
  2955 | D:3      | Killed Ijyb
  3412 | D:4      | Found a staircase to the Ecumenical Temple.
  3421 | Temple   | Entered the Ecumenical Temple
  3516 | Temple   | Became a worshipper of Gozag Ym Sagoz the Greedy
  3604 | D:4      | Found a runed translucent gate.
  3605 | D:4      | Found a runed translucent gate.
  3606 | D:4      | Found a runed translucent gate.
  3608 | D:4      | Noticed mmBingo's ghost (amateur OpEn)
  3800 | D:4      | Reached skill level 1 in Spellcasting
  4210 | D:4      | Found an ornate altar of the Wu Jian Council.
  4502 | D:5      | Entered Level 5 of the Dungeon
  4692 | D:5      | Reached XP level 8. HP: 48/57 MP: 8/10
  4931 | D:5      | Found the +11 Singing Sword {sonic wave}
  5788 | D:6      | Noticed Duvessa
  5788 | D:6      | Noticed Dowan
  5804 | D:6      | Killed Dowan
  5811 | D:6      | Identified the +1 buckler "Poheist" {Str+3}
  5817 | D:6      | Noticed H0rd4k's ghost (novice HuAr)
  5884 | D:6      | Killed Duvessa
  6022 | D:6      | Found a transporter.
  6024 | D:6      | Found a transporter.
  6038 | D:6      | Reached XP level 9. HP: 64/64 MP: 13/13
  6084 | D:6      | Reached skill level 1 in Long Blades
  6958 | D:7      | Reached skill level 2 in Long Blades
  7028 | D:7      | Found a broken altar of Ashenzari.
  7370 | D:7      | Reached skill level 3 in Long Blades
  7674 | D:7      | Noticed Maggie
  7720 | D:7      | Learned a level 3 spell: Inner Flame
  7724 | D:7      | Learned a level 3 spell: Tukima's Dance
  7979 | D:7      | Reached skill level 4 in Long Blades
  7990 | D:7      | Noticed a hornet
  7998 | D:7      | Killed a hornet
  7999 | D:7      | Reached XP level 10. HP: 73/73 MP: 16/16
  8190 | D:7      | Found a hazy altar of Hepliaklqana.
  8316 | D:8      | Reached skill level 5 in Long Blades
  8429 | D:8      | Reached skill level 6 in Long Blades
  8429 | D:8      | Reached skill level 1 in Hexes
  8432 | D:8      | Reached skill level 5 in Fighting
  8848 | D:8      | Reached skill level 5 in Spellcasting
  8908 | D:8      | Reached skill level 7 in Long Blades
  9172 | D:8      | Noticed a two-headed ogre
  9208 | D:8      | Killed a two-headed ogre
  9209 | D:8      | Reached skill level 5 in Dodging
  9325 | D:8      | Reached XP level 11. HP: 59/81 MP: 19/19
  9505 | D:8      | Identified a scroll of acquirement
  9505 | D:8      | Acquired the +9 great sword of the Eel {flame, +Blink
                  | Int+3}
  9618 | D:8      | Learned a level 7 spell: Enfeeble
  9710 | D:9      | Found Yjiojuel's Armour Shoppe.
  9734 | D:9      | Reached skill level 5 in Stealth
  9767 | D:9      | Found Vargh's Weapon Emporium.
  9767 | D:9      | Found a staircase to the Orcish Mines.
  9768 | D:9      | Found Ufalluire's Armour Emporium.
  9897 | D:9      | Reached skill level 8 in Long Blades
 10028 | D:9      | Reached skill level 5 in Evocations
 10255 | D:9      | Identified the +4 ring mail "Hiyptaz" {rC+}
 10408 | D:9      | Found a radiant altar of Vehumet.
 10787 | D:10     | Entered Level 10 of the Dungeon
 10840 | D:10     | Noticed a two-headed ogre
 10852 | D:10     | Killed a two-headed ogre
 10853 | D:10     | Reached skill level 1 in Throwing
 10902 | D:10     | Found a blossoming altar of Fedhas.
 11112 | D:10     | Noticed a cyclops
 11209 | D:10     | Found a staircase to the Lair.
 11223 | D:10     | Reached skill level 9 in Long Blades
 11406 | D:10     | Killed a cyclops
 12158 | D:10     | Reached XP level 12. HP: 89/89 MP: 21/21
 12855 | D:11     | Noticed Josephine
 13010 | D:11     | Killed Josephine
 13011 | D:11     | Reached skill level 10 in Long Blades
 13533 | D:11     | Noticed Sonja
 13536 | D:11     | Killed Sonja
 13554 | D:11     | Noticed a boulder beetle
 13973 | D:11     | Noticed a two-headed ogre
 13983 | D:11     | Killed a two-headed ogre
 14000 | D:11     | Killed a boulder beetle
 14196 | D:11     | Noticed Nergalle
 14206 | D:11     | Killed Nergalle
 14207 | D:11     | Reached skill level 11 in Long Blades
 14500 | Lair:1   | Entered Level 1 of the Lair of Beasts
 15190 | Lair:1   | Reached XP level 13. HP: 98/98 MP: 24/24
 15907 | Lair:2   | Reached skill level 12 in Long Blades
 17200 | Lair:2   | Reached skill level 13 in Long Blades
 17513 | Lair:3   | Found a dark tunnel.
 17649 | Volcano  | Entered a volcano
 17930 | Lair:3   | Found a white marble altar of Elyvilon.
 17944 | Lair:3   | Noticed an eight-headed hydra
 17954 | Lair:3   | Found a runed translucent gate.
 17954 | Lair:3   | Found a runed translucent gate.
 17954 | Lair:3   | Found a runed translucent gate.
 17957 | Lair:3   | Noticed Kiti Anamang's ghost (journeyman GnFE)
 18179 | Lair:3   | Found a staircase to the Snake Pit.
 18193 | Lair:3   | Found a staircase to the Swamp.
 18483 | Lair:3   | Reached XP level 14. HP: 96/108 MP: 26/26
 18648 | Lair:3   | Identified the +1 ring mail of the Frog {rN++ Str+2 Int-2}
 18651 | Lair:3   | Identified the ring of Incredulity {Will+ rCorr}
 19552 | Lair:4   | Reached skill level 14 in Long Blades
 19558 | Lair:4   | Reached skill level 10 in Fighting
 20520 | Lair:5   | Entered Level 5 of the Lair of Beasts
 20758 | Lair:5   | Identified the +0 chain mail of the Sea {rPois Dex+6
                  | Slay+5}
 22144 | Lair:5   | Reached XP level 15. HP: 89/117 MP: 28/28
 22153 | Lair:5   | Reached skill level 15 in Long Blades
 22766 | Lair:5   | Reached skill level 10 in Spellcasting
 23103 | Lair:5   | Found a staircase to the Slime Pits.
 23103 | Lair:5   | Found a viscous altar of Jiyva.
 23920 | Lair:5   | Reached skill level 16 in Long Blades
 24340 | Orc:1    | Entered Level 1 of the Orcish Mines
 24589 | Orc:2    | Entered Level 2 of the Orcish Mines
 24909 | Orc:2    | Found Pana's Assorted Antiques.
 24909 | Orc:2    | Found Heiteh's Weapon Boutique.
 24909 | Orc:2    | Found Nochischu's General Store.
 24913 | Orc:2    | Found Kionweni's Assorted Antiques.
 25145 | Orc:2    | Found a staircase to the Elven Halls.
 25961 | D:9      | Bought the ring of the Heron {Drain MP+9 Str+3 Slay+4} for
                  | 1032 gold pieces
 26029 | D:9      | Bought a +2 pair of gloves of infusion for 215 gold pieces
 26040 | D:9      | Bought a +1 helmet of see invisible for 165 gold pieces
 26224 | D:12     | Identified the +2 long sword of the Original Sin {flame,
                  | rC++}
 26426 | D:12     | Found a frozen archway.
 26439 | D:12     | Reached XP level 16. HP: 121/127 MP: 30/30
 26459 | IceCv    | Entered an ice cave
 26717 | IceCv    | Slain by a reaper

Illustrated notes

Levels and vault maps discovered:
D:1:      heliophobic_arrival_dark_side_of_the_moon, layout_basic,
          chequers_ecumenical_altar_simple
D:2:      minmay_diamond_boxcup, layout_loops_corners, serial_shops, shop,
          nicolae_underground_beach, uniq_jessica
D:3:      layout_loops_corners, mainiacjoe_overflow_six_doors_small,
          due_unseen_surprise, uniq_ijyb, uniq_grinder
D:4:      layout_gridville, amcnicky_altar_gilded, minmay_temple_entry_junction,
          gammafunk_ghost_nasty_kobolds
D:5:      old_forge, layout_basic
D:6:      layout_basic, gammafunk_ghost_gnarly_gnolls, serial_curves,
          eino_curves_03, eino_curves_02, uniq_duvessa
D:7:      layout_loops_ring, mainiacjoe_overflow_big_doors,
          kennysheep_cross_bottleneck, minmay_misc_feat_square, uniq_maggie
D:8:      layout_loops_corners, david_defended_altar_orc
D:9:      layout_long_grid, vehumet_statue, orc_david_3, serial_shops, shop
D:10:     layout_basic, mainiacjoe_overflow_24_doors, minmay_lair_entry_grove
D:11:     layout_loops_corners, uniq_sonja, uniq_josephine, uniq_nergalle
D:12:     kennysheep_seaside_town, layout_cave_pools, serial_park,
          serial_park_paths [serial_park_minivault_5x5_7], serial_park_tiny_2,
          serial_park_square1 [serial_park_minivault_5x5_3],
          portal_ice_cave_entry_imps, fedhas_altar_4, uniq_urug, uniq_psyche
Temple:   nicolae_temple_slightly_damp_pantheon
Lair:1:   layout_concentric_octagons, grunt_megastairs_4
Lair:2:   layout_roguey, grunt_megastairs_5
Lair:3:   dragon1_lemuel, layout_regular_city, swamp_mist_pool,
          dummy_snake_entry, basic_altar, nicolae_volcano_entry_two_sided,
          gammafunk_ghost_split, beast_lair_carwin_7
Lair:4:   layout_regular_city, serial_bayou_ford_a,
          nicolae_lair_grove_arrangements, st_stairs_11
Lair:5:   minmay_lair_end_frog_pond, layout_long_grid,
          nicolae_slime_entry_field_trip
Orc:1:    lemuel_ogre_cave, layout_caves
Orc:2:    st_orc_mages, layout_caves
IceCv:    ice_cave_tombish

Skill      XL: |  1  2  3  4  5  6  7  8  9 10 11 12 13 14 15 |
---------------+----------------------------------------------+-----
Maces & Flails | 1 2 3 |  3.9
Dodging        | 3 4 5 6 7 |  7.5
Fighting       | 2 3 4 5 6 8 9 10 12 | 12.3
Short Blades   | 1 2 4 |  4.9
Stealth        | 2 3 4 5 6 |  6.8
Evocations     | 4 5 |  5.3
Spellcasting   | 1 2 4 5 6 7 8 9 10 | 10.8
Long Blades    | 4 7 9 11 13 14 16 | 16.6
Hexes          | 2 4 |  4.3
Throwing       | 2 4 |  4.2
Armour         | |  2.1

Action                     |  1- 3 |  4- 6 |  7- 9 | 10-12 | 13-15 | 16-18 || total
---------------------------+-------+-------+-------+-------+-------+-------++-------
  Melee: Club              |   190 |    45 |       |       |       |       ||   235
         Punch             |     1 |     1 |       |     4 |     7 |       ||    13
         Short sword       |       |    29 |   170 |    17 |       |       ||   216
         Double sword      |       |       |    79 |   308 |   768 |     8 ||  1163
         Great sword       |       |       |       |       |    28 |    20 ||    48
  Throw: Dart              |       |       |     1 |    44 |    13 |       ||    58
 Invoke: Call Merchant     |       |       |       |     2 |     3 |       ||     5
  Evoke: Wand              |     1 |    13 |    16 |     5 |     6 |       ||    41
    Use: Scroll            |       |       |       |    13 |    19 |     2 ||    34
         Potion            |       |       |       |       |     2 |       ||     2
   Stab: Sleeping          |     2 |       |     8 |     5 |     5 |       ||    20
         Distracted        |       |       |       |     5 |     6 |       ||    11
 Armour: Leather armour    |    69 |    19 |    52 |    16 |       |       ||   156
         Ring mail         |       |       |       |    54 |   124 |       ||   178
         Chain mail        |       |       |       |       |   125 |     3 ||   128
  Dodge: Dodged            |   129 |    49 |   126 |   154 |   339 |    11 ||   808
